 Dungeon Crawl Stone Soup version 0.29-a0-371-g91724d5b39 (webtiles) character file.

Game seed: 5663827491874772764

104 Shayle the Sneak (level 4, -4/27 HPs)
             Began as a Tengu Brigand on May 2, 2022.
             Slain by Grinder (7 damage)
             ... while paralysed by Grinder
             ... on level 3 of the Dungeon.
             The game lasted 00:06:23 (1592 turns).

Shayle the Sneak (Tengu Brigand)                    Turns: 1592, Time: 00:06:24

Health: -4/27      AC:  9    Str: 11    XL:     4   Next: 80%
Magic:  7/7        EV:  2    Int: 12    God:
Gold:   113        SH:  0    Dex: 15    Spells: 6/6 levels left

rFire   . . .      SeeInvis .   q - +7 battleaxe "Varugguo" {flame, rElec rN+ Int-2}
rCold   . . .      Faith    .   (shield currently unavailable)
rNeg    + . .      Spirit   .   h - +0 ring mail
rPois   .          Reflect  .   (helmet restricted)
rElec   +          Harm     .   c - +0 cloak
rCorr   .          Rampage  .   v - +2 pair of gloves
Will    .....                   (boots unavailable)
Stlth   ++........              (no amulet)
HPRegen 0.09/turn               (no ring)
MPRegen 0.10/turn               (no ring)

@: paralysed
A: beak, talons 3
a: no special abilities


You were on level 3 of the Dungeon.
You visited 1 branch of the dungeon, and saw 3 of its levels.

You collected 113 gold pieces.

Inventory:

Hand Weapons
 a - a +2 dagger
 q - the +7 battleaxe "Varugguo" (weapon) {flame, rElec rN+ Int-2}
   (You found it on level 2 of the Dungeon)

   It burns those it strikes, dealing additional fire damage.
   Big, fiery blades are also staple armaments of hydra-hunters.
   Int:       It affects your intelligence (-2).
   rElec:     It insulates you from electricity.
   rN:        It protects you from negative energy.
Missiles
 d - 15 poisoned darts (quivered)
 e - 3 curare-tipped darts
Armour
 b - a +0 robe
 c - a +0 cloak (worn)
 h - a +0 ring mail (worn)
 v - a +2 pair of gloves (worn)
Scrolls
 f - a scroll of fog {unknown}
 g - a scroll of holy word {unknown}
 l - 5 scrolls of identify {unknown}
 m - 3 scrolls of vulnerability {unknown}
 n - a scroll of teleportation {unknown}
 o - a scroll of amnesia {unknown}
 s - a scroll of enchant weapon {unknown}
 t - a scroll of magic mapping {unknown}
 w - a scroll of fear {unknown}
Potions
 i - 3 potions of curing {unknown}
 j - a potion of invisibility {unknown}
 k - a potion of flight {unknown}
 p - 2 potions of heal wounds
 r - a potion of lignification {unknown}
 u - a potion of cancellation {unknown}


   Skills:
 + Level 2.8 Fighting
 - Level 2.1 Short Blades
 + Level 1.0 Axes
 - Level 2.0 Throwing
 + Level 2.4 Dodging
 + Level 4.6 Stealth
 + Level 1.6 Spellcasting


You had 6 spell levels left.
You didn't know any spells.
Your spell library contained the following spells:

 Spells                   Type           Power      Damage    Failure   Level
 Magic Dart               Conj           0%         1d3       56%         1
 Call Imp                 Summ           0%         N/A       71%         2
 Mephitic Cloud           Conj/Pois/Air  0%         N/A       91%         3


Dungeon Overview and Level Annotations

Branches:
Dungeon (3/15)

Altars:
Fedhas

Annotations:
D:2 Robin
D:3 Grinder


Innate Abilities, Weirdness & Mutations

You have a beak for a mouth.
You have claws for feet.


Message History

Grinder shouts!
The jelly quivers.
The jelly barely misses you.
Grinder blinks!
You slice the jelly!! You burn the jelly.
Your hands burn!
You claw the jelly.
You kill the jelly!
Your Axes skill increases to level 1!
Grinder hits you.
You writhe in agony.
You completely miss Grinder. You claw Grinder, but do no damage.
Your peck misses Grinder. Grinder gestures at you.
Pain shoots through your body!
Grinder blinks!
Grinder barely misses you.
You barely miss Grinder. Your kick misses Grinder. Your peck misses Grinder.
Grinder hits you.
You writhe in agony.
Grinder gestures at you. Pain shoots through your body!
You hit Grinder. You burn Grinder. Your kick misses Grinder.
Grinder is lightly wounded.
Grinder hits you!
* * * LOW HITPOINT WARNING * * *
Unknown command.
It was a potion of heal wounds.
You feel much better. Grinder gestures at you. Pain shoots through your body!
You barely miss Grinder. Your kick misses Grinder.
Grinder is lightly wounded.
Grinder hits you!
You writhe in agony.
Grinder gestures at you. Pain shoots through your body!
Unknown command.
You hit Grinder. You burn Grinder.
Grinder is moderately wounded.
Grinder gestures at you.
You suddenly lose the ability to move!
Grinder hits you.
* * * LOW HITPOINT WARNING * * *
You writhe in agony.
* * * LOW HITPOINT WARNING * * *
Grinder barely misses you. Grinder hits you!
You die...

.# #.# .# #.# .# #.# .#
#.# ####.# #.##
#####.#5.# ##..##
..#.....@.#########....##
.........................
..#.......#########....##
#.....### #.#.## #.$...#
#[### # ###.### #.# # #.
#.# # #. #.# # #. #.# #


You could see Grinder.

Vanquished Creatures
  A jelly (D:3)
  An adder (D:2)
  A worm (D:2)
  A dart slug (D:2)
  2 ball pythons
  3 endoplasms
  4 giant cockroaches
  12 goblins
  4 hobgoblins
  3 jackals (D:2)
  4 quokkas
  2 bats (D:1)
  2 frilled lizards (D:1)
  3 kobolds
  4 rats
47 creatures vanquished.

Notes
Turn   | Place    | Note
-------+----------+-------------------------------------------
     0 | D:1      | Shayle the Tengu Brigand began the quest for the Orb.
     0 | D:1      | Reached XP level 1. HP: 12/12 MP: 2/2
   217 | D:1      | Reached XP level 2. HP: 16/17 MP: 3/3
   541 | D:1      | Found a faded altar of an unknown god.
   624 | D:1      | Reached skill level 1 in Spellcasting
   624 | D:1      | Reached XP level 3. HP: 22/22 MP: 5/5
   970 | D:2      | Identified the +7 battleaxe "Varugguo" {flame, rElec rN+
                  | Int-2}
   978 | D:2      | Found a blossoming altar of Fedhas.
  1204 | D:2      | Noticed Robin
  1207 | D:2      | Reached XP level 4. HP: 18/27 MP: 5/7
  1580 | D:3      | Noticed Grinder
  1582 | D:3      | Reached skill level 1 in Axes
  1590 | D:3      | Paralysed by Grinder for 5 turns
  1592 | D:3      | Slain by Grinder

Illustrated notes

Levels and vault maps discovered:
D:1:      shiori_arrival_elements, layout_rooms,
          hellmonk_ecumenical_altar_zigzags
D:2:      layout_basic, basic_altar, grunt_ministairs_15, minmay_tetromino_t4,
          uniq_robin
D:3:      layout_loops_corners, ebering_ghost_rock_garden, minmay_checkerbox,
          uniq_grinder

Skill      XL: |  1  2  3  4 |
---------------+-------------+-----
Spellcasting   | 1 |  1.6
Dodging        | 2 |  2.4
Axes           | 1 |  1.0
Fighting       | |  2.8
Short Blades   | |  2.1
Throwing       | |  2.0
Stealth        | |  4.6

Action                   |  1- 3 |  4- 6 || total
-------------------------+-------+-------++-------
Melee: Dagger            |    53 |       ||    53
       Kick              |    16 |     5 ||    21
       Peck              |     8 |     1 ||     9
       Battleaxe         |    15 |    14 ||    29
  Use: Potion            |       |     1 ||     1
 Stab: Sleeping          |     8 |     1 ||     9
Armor: Robe              |     2 |       ||     2
       Ring mail         |    19 |    16 ||    35
Dodge: Dodged            |    36 |    29 ||    65

Table legend: (Time is in decaauts)
 A = Elapsed time spent in this place.
 B = Non-inter-level travel time spent in this place.
 C = Inter-level travel time spent in this place.
 D = Time resting spent in this place.
 E = Time spent auto-exploring this place.
 F = Levels seen in this place.
 G = Mean time per level.
                   A        B        C        D        E       F      G
               +--------+--------+--------+--------+--------+-----+--------+
         Total |   1605 |   1588 |     17 |    196 |    813 |   3 |  535.0 |
       Dungeon |   1605 |   1588 |     17 |    196 |    813 |   3 |  535.0 |
               +--------+--------+--------+--------+--------+-----+--------+

Top non-repeatable levels by time:
     D:1: 716 daAuts
     D:2: 590 daAuts
     D:3: 297 daAuts
